[Event "RUS-ch Blitz Women 2018"]
[Site "Sochi"]
[Date "2018.10.07"]
[Round "6"]
[White "Chernyak, Viktoria"]
[Black "Ivanova, Karina"]
[Result "1/2-1/2"]
[ECO "E19"]
[WhiteElo "2200"]
[BlackElo "2124"]
[Annotator "NA"]
[PlyCount "71"]
[EventDate "2018.10.07"]
[EventType "swiss"]
[EventCountry "RUS"]
[SourceTitle "playchess.com"]
[Source "ChessBase"]
[SourceQuality "1"]
[TimeControl "180+2"]

1. d4 Nf6 2. c4 e6 3. Nf3 b6 4. g3 Bb7 5. Bg2 Be7 6. O-O O-O 7. Nc3 Ne4 8. Qc2 Nxc3 9. Qxc3 c5 10. e3 Bf6 11. b3 d6 12. Bb2 Qc7 13. Qc2 Nd7 14. Rfd1 Rfd8 15. Rac1 Rac8 16. Qe2 Be4 17. Bh3 Qb7 18. Nd2 Bc6 19. f3 cxd4 20. Bxd4 Bxd4 21. exd4 d5 22. Bg2 dxc4 23. Nxc4 Qb8 24. Ne5 Nxe5 25. dxe5 Rxd1+ 26. Rxd1 Bd5 27. h4 h6 28. Kh2 Qc7 29. Rd2 Qc3 30. Rd3 Qa1 31. Rd1 Qc3 32. Rd3 Qb4 33. Rd2 Rc1 34. Rd1 Qc5 35. Rxc1 Qxc1 36. f4 1/2-1/2

[Event "RUS-ch Blitz Women 2018"]
[Site "Sochi"]
[Date "2018.10.07"]
[Round "6"]
[White "Sirotkina, Nina"]
[Black "Tomilova, Elena"]
[Result "1-0"]
[ECO "D00"]
[WhiteElo "2188"]
[BlackElo "2328"]
[Annotator "NA"]
[PlyCount "103"]
[EventDate "2018.10.07"]
[EventType "swiss"]
[EventCountry "RUS"]
[SourceTitle "playchess.com"]
[Source "ChessBase"]
[SourceQuality "1"]
[TimeControl "180+2"]

1. d4 d5 2. Bf4 Nf6 3. e3 c5 4. c3 Nc6 5. Nd2 e6 6. Ngf3 Be7 7. h3 O-O 8. Bd3 c4 9. Bc2 b5 10. e4 a5 11. e5 Nd7 12. a3 Bb7 13. O-O b4 14. axb4 axb4 15. Rxa8 Qxa8 16. Ng5 Bxg5 17. Bxg5 f5 18. exf6 Nxf6 19. Qe2 Bc8 20. Nf3 bxc3 21. bxc3 Qa5 22. Qe3 Ne7 23. Ne5 Nf5 24. Bxf5 exf5 25. Nc6 Qc7 26. Bxf6 gxf6 27. Nb4 Qd6 28. Re1 f4 29. Qe7 Qxe7 30. Rxe7 Rd8 31. f3 Bf5 32. Kf2 Bg6 33. Rc7 Bf7 34. Ra7 Rd6 35. g3 fxg3+ 36. Kxg3 Kg7 37. h4 h5 38. Kf4 Kg6 39. Nc2 Rd8 40. Ne3 Be6 41. Ra6 Re8 42. Rd6 Bf7 43. Nxd5 Bxd5 44. Rxd5 Re2 45. Rc5 Rh2 46. Kg3 Rd2 47. Rxc4 Rd3 48. Rc5 f5 49. Kf4 Rd1 50. Rc6+ Kg7 51. Kxf5 Rh1 52. Ke4 1-0

[Event "RUS-ch Blitz Women 2018"]
[Site "Sochi"]
[Date "2018.10.07"]
[Round "6"]
[White "Vinokur, Yuliya"]
[Black "Bivol, Alina"]
[Result "1-0"]
[ECO "E91"]
[WhiteElo "2170"]
[BlackElo "2403"]
[Annotator "NA"]
[PlyCount "72"]
[EventDate "2018.10.07"]
[EventType "swiss"]
[EventCountry "RUS"]
[SourceTitle "playchess.com"]
[Source "ChessBase"]
[SourceQuality "1"]
[TimeControl "180+2"]

1. d4 Nf6 2. c4 g6 3. Nc3 Bg7 4. e4 d6 5. Nf3 O-O 6. Be2 Bg4 7. O-O Nc6 8. d5 Na5 9. Nd2 Bxe2 10. Qxe2 c5 11. Rb1 b6 12. f4 Nd7 13. Nf3 Qc8 14. Be3 Qa6 15. Nb5 Qb7 16. Bf2 a6 17. Nc3 Rab8 18. e5 b5 19. e6 Nf6 20. exf7+ Kh8 21. b3 Ng4 22. Be1 Qd7 23. Ne4 Nb7 24. Nfg5 Nd8 25. Ne6 Bd4+ 26. Kh1 Rxf7 27. Qxg4 Rf5 28. N4g5 Nxe6 29. dxe6 Qc6 30. Qh4 h5 31. Nf7+ Kg7 32. Qxe7 Rb7 33. Qxd6 Qe4 34. Bh4 bxc4 35. Rbe1 Qd3 36. e7 Rxe7 1-0

[Event "RUS-ch Blitz Women 2018"]
[Site "Sochi"]
[Date "2018.10.07"]
[Round "6"]
[White "Goltseva, Ekaterina"]
[Black "Dordzhieva, Dinara"]
[Result "0-1"]
[ECO "D41"]
[WhiteElo "2169"]
[BlackElo "2340"]
[Annotator "NA"]
[PlyCount "96"]
[EventDate "2018.10.07"]
[EventType "swiss"]
[EventCountry "RUS"]
[SourceTitle "playchess.com"]
[Source "ChessBase"]
[SourceQuality "1"]
[TimeControl "180+2"]

1. d4 d5 2. c4 e6 3. Nf3 Nf6 4. e3 c5 5. cxd5 Nxd5 6. Nc3 cxd4 7. exd4 Nc6 8. Bd3 Be7 9. O-O O-O 10. Ne4 Nf6 11. Nc3 Nb4 12. Bb1 Nbd5 13. Qd3 g6 14. Bd2 b6 15. a3 Bb7 16. Ba2 Rc8 17. Rac1 Re8 18. Ne2 Bf8 19. Ne5 Bg7 20. Bc4 Qd6 21. Rfd1 Nc7 22. Bf4 Qe7 23. Nc3 a6 24. Qe2 b5 25. Bd3 Ncd5 26. Bg5 Nxc3 27. bxc3 Qd6 28. Qb2 Nd5 29. c4 Nf6 30. cxb5 Qd5 31. Nf3 a5 32. Bf1 Ne4 33. Be3 Nd6 34. a4 Nc4 35. Qb3 Nxe3 36. Qxe3 Qa2 37. Rxc8 Rxc8 38. Rc1 Rd8 39. Rc7 Bd5 40. Ng5 e5 41. dxe5 Qa1 42. Rc1 Qb2 43. Re1 h6 44. Nf3 Re8 45. Qd4 Qa2 46. Rd1 Bxf3 47. gxf3 Bxe5 48. Qd5 Qb2 0-1

[Event "RUS-ch Blitz Women 2018"]
[Site "Sochi"]
[Date "2018.10.07"]
[Round "7"]
[White "Kashlinskaya, Alina"]
[Black "Markelova, Lubov"]
[Result "1/2-1/2"]
[ECO "D10"]
[WhiteElo "2447"]
[BlackElo "2190"]
[Annotator "RC"]
[PlyCount "92"]
[EventDate "2018.10.07"]
[EventType "swiss"]
[EventCountry "RUS"]
[SourceTitle "playchess.com"]
[Source "ChessBase"]
[SourceQuality "1"]
[TimeControl "180+2"]

1. d4 d5 2. c4 c6 3. cxd5 cxd5 4. Bg5 Nc6 5. Nc3 Nf6 6. Bxf6 exf6 7. e3 Bb4 8. Rc1 O-O 9. Bd3 Be6 10. Nge2 g6 11. O-O Bd6 12. a3 Rc8 13. Bb1 Na5 14. Ba2 Nc4 15. Bxc4 Rxc4 16. Nb5 Rxc1 17. Qxc1 Bb8 18. Nf4 Bxf4 19. exf4 a6 20. Nc3 Qc7 21. Re1 Qc4 22. Qe3 b5 23. h4 h5 24. Ne2 Qc2 25. Ng3 Kg7 26. Rc1 Qxb2 27. f5 Bxf5 28. Nxf5+ gxf5 29. Rc6 Qb1+ 30. Kh2 Qe4 31. Qg3+ Qg4 32. Rxa6 Qxg3+ 33. Kxg3 Rc8 34. Rd6 Rc3+ 35. Kf4 Rxa3 36. Rxd5 Ra2 37. Kg3 b4 38. Rb5 Ra3+ 39. Kf4 Ra2 40. f3 Rxg2 41. Rxb4 Rh2 42. Kg3 Rd2 43. Ra4 Kg6 44. Kf4 Rh2 45. Kg3 Rd2 46. Kf4 Rh2 {[%emt 0:00:01] Ke4} 1/2-1/2

[Event "RUS-ch Blitz Women 2018"]
[Site "Sochi"]
[Date "2018.10.07"]
[Round "7"]
[White "Bodnaruk, Anastasia"]
[Black "Dordzhieva, Dinara"]
[Result "1-0"]
[ECO "B20"]
[WhiteElo "2423"]
[BlackElo "2340"]
[Annotator "ChessBase"]
[PlyCount "87"]
[EventDate "2018.10.07"]
[EventType "swiss"]
[EventCountry "RUS"]
[SourceTitle "playchess.com"]
[Source "ChessBase"]
[SourceQuality "1"]
[TimeControl "180+2"]

1. e4 c5 2. b3 g6 3. Bb2 Nf6 4. e5 Nd5 5. h4 Bg7 6. h5 d6 7. Nf3 Nc6 8. Bb5 Bg4 9. Qe2 a6 10. Bxc6+ bxc6 11. h6 Bxe5 12. Bxe5 Bxf3 13. gxf3 dxe5 14. Qxe5 f6 15. Qe4 Qd6 16. Na3 e5 17. Nc4 Qe6 18. O-O-O Kf7 19. c3 Rhe8 20. Rhe1 Rad8 21. Kb2 Nf4 22. d4 cxd4 23. cxd4 Qd5 24. dxe5 Qxe4 25. fxe4 Nd3+ 26. Rxd3 Rxd3 27. Nd6+ Rxd6 28. exd6 Ke6 29. Rd1 Rd8 30. f4 Rxd6 31. Rc1 g5 32. fxg5 fxg5 33. Rc5 Rd2+ 34. Ka3 g4 35. Rxc6+ Ke5 36. Rc7 g3 37. Rxh7 Rh2 38. Rg7 Kf4 39. h7 Kxe4 40. Rxg3 Rxh7 41. Rg6 Ra7 42. Ka4 a5 43. Rg5 Rb7 44. Rxa5 {[%emt 0:00:01] Kd5} 1-0

[Event "RUS-ch Blitz Women 2018"]
[Site "Sochi"]
[Date "2018.10.07"]
[Round "7"]
[White "Vasilevich, Tatjana"]
[Black "Lysenko, Margarita"]
[Result "0-1"]
[ECO "E83"]
[WhiteElo "2360"]
[BlackElo "2210"]
[Annotator "NA"]
[PlyCount "88"]
[EventDate "2018.10.07"]
[EventType "swiss"]
[EventCountry "RUS"]
[SourceTitle "playchess.com"]
[Source "ChessBase"]
[SourceQuality "1"]
[TimeControl "180+2"]

1. d4 Nf6 2. c4 g6 3. Nc3 Bg7 4. e4 O-O 5. f3 d6 6. Nge2 Nc6 7. Be3 a6 8. Qd2 Re8 9. Rc1 e5 10. d5 Nd4 11. Nxd4 exd4 12. Bxd4 c5 13. dxc6 bxc6 14. Be2 d5 15. cxd5 cxd5 16. exd5 Bb7 17. O-O Nxd5 18. Bxg7 Kxg7 19. Rfd1 Qb6+ 20. Kh1 Ne3 21. Qd4+ Qxd4 22. Rxd4 Rad8 23. Rd3 Rxd3 24. Bxd3 Rd8 25. Be4 Bxe4 26. Nxe4 f5 27. Nc5 Rd2 28. Nxa6 Rxb2 29. a4 Nxg2 30. Nc5 Nh4 31. Rf1 Ra2 32. f4 Kf6 33. Kg1 h6 34. h3 g5 35. fxg5+ hxg5 36. Ne4+ Kg6 37. Nc5 f4 38. Rc1 Nf3+ 39. Kf1 Nh2+ 40. Kg1 Nf3+ 41. Kf1 Kf5 42. Nd3 Nh2+ 43. Kg1 Nf3+ 44. Kf1 Rxa4 0-1

[Event "RUS-ch Blitz Women 2018"]
[Site "Sochi"]
[Date "2018.10.07"]
[Round "7"]
[White "Voit, Daria"]
[Black "Charochkina, Daria"]
[Result "1-0"]
[ECO "A09"]
[WhiteElo "2352"]
[BlackElo "2344"]
[Annotator "ChessBase"]
[PlyCount "89"]
[EventDate "2018.10.07"]
[EventType "swiss"]
[EventCountry "RUS"]
[SourceTitle "playchess.com"]
[Source "ChessBase"]
[SourceQuality "1"]
[TimeControl "180+2"]

1. Nf3 d5 2. c4 d4 3. b4 g6 4. Bb2 Bg7 5. e3 c5 6. bxc5 Nc6 7. exd4 Nxd4 8. Nxd4 Bxd4 9. Nc3 Nf6 10. Be2 Ne4 11. Nxe4 Bxb2 12. Rb1 Bg7 13. O-O O-O 14. d3 Qc7 15. Bf3 Rb8 16. Qa4 a6 17. Qb4 Bd7 18. Rfd1 Bd4 19. Qb6 Qc8 20. Qa5 Bc6 21. h3 Rd8 22. Rb3 Qf5 23. Nd2 Bxf3 24. Nxf3 Bxc5 25. d4 Qc2 26. Rbd3 Bd6 27. c5 Bf4 28. Qa3 Qc4 29. Qb3 Qxb3 30. axb3 e6 31. d5 exd5 32. Rxd5 Rxd5 33. Rxd5 Rc8 34. b4 Rc7 35. Nd4 Kg7 36. Nb3 Re7 37. Kf1 Kf6 38. g3 Bb8 39. Na5 Ke6 40. Rd3 Re8 41. Nxb7 Bc7 42. Re3+ Kd7 43. c6+ Kxc6 44. Rxe8 Kxb7 45. Re7 1-0

[Event "RUS-ch Blitz Women 2018"]
[Site "Sochi"]
[Date "2018.10.07"]
[Round "7"]
[White "Kovanova, Baira"]
[Black "Miroshnik, Ekaterina"]
[Result "1/2-1/2"]
[ECO "A13"]
[WhiteElo "2350"]
[BlackElo "2023"]
[Annotator "NA"]
[PlyCount "41"]
[EventDate "2018.10.07"]
[EventType "swiss"]
[EventCountry "RUS"]
[SourceTitle "playchess.com"]
[Source "ChessBase"]
[SourceQuality "1"]
[TimeControl "180+2"]

1. c4 e6 2. Nc3 d5 3. e3 Nf6 4. Nf3 c5 5. cxd5 exd5 6. d4 Be7 7. Bb5+ Nc6 8. Ne5 Bd7 9. Nxd7 Qxd7 10. dxc5 Bxc5 11. O-O O-O 12. b3 a6 13. Be2 d4 14. Na4 Ba7 15. Bf3 Ne5 16. exd4 Bxd4 17. Bb2 Bxb2 18. Nxb2 Qxd1 19. Rfxd1 Nxf3+ 20. gxf3 Rfd8 21. Nc4 1/2-1/2

[Event "RUS-ch Blitz Women 2018"]
[Site "Sochi"]
[Date "2018.10.07"]
[Round "7"]
[White "Belenkaya, Dina"]
[Black "Borisova, Ekaterina"]
[Result "0-1"]
[ECO "B52"]
[WhiteElo "2329"]
[BlackElo "2256"]
[Annotator "ChessBase"]
[PlyCount "72"]
[EventDate "2018.10.07"]
[EventType "swiss"]
[EventCountry "RUS"]
[SourceTitle "playchess.com"]
[Source "ChessBase"]
[SourceQuality "1"]
[TimeControl "180+2"]

1. e4 c5 2. Nf3 d6 3. Bb5+ Bd7 4. Bxd7+ Qxd7 5. O-O Nc6 6. c3 Nf6 7. Qe2 e6 8. d4 cxd4 9. cxd4 d5 10. e5 Ne4 11. Be3 Be7 12. Ne1 f6 13. f3 Ng5 14. Nd3 fxe5 15. dxe5 O-O 16. Nd2 Rac8 17. Rac1 b6 18. Nb3 Rc7 19. Qd2 Nf7 20. f4 Nh6 21. Bf2 Ng4 22. Rc2 Nxf2 23. Rxf2 a5 24. a4 Nb4 25. Rxc7 Qxc7 26. Rf1 Qc4 27. Nxb4 Bxb4 28. Qe3 d4 29. Qh3 d3 30. Nc1 d2 31. Nd3 Rd8 32. Nf2 Bc5 33. Rd1 Qe2 34. Qxe6+ Kh8 35. Kh1 Bxf2 36. Qe7 Qxd1# 0-1

[Event "RUS-ch Blitz Women 2018"]
[Site "Sochi"]
[Date "2018.10.07"]
[Round "7"]
[White "Tomilova, Elena"]
[Black "Protopopova, Anastasiya"]
[Result "1/2-1/2"]
[ECO "C24"]
[WhiteElo "2328"]
[BlackElo "2308"]
[Annotator "ChessBase"]
[PlyCount "101"]
[EventDate "2018.10.07"]
[EventType "swiss"]
[EventCountry "RUS"]
[SourceTitle "playchess.com"]
[Source "ChessBase"]
[SourceQuality "1"]
[TimeControl "180+2"]

1. e4 e5 2. Bc4 Nf6 3. d3 c6 4. Nf3 d5 5. Bb3 Bd6 6. h3 O-O 7. Nbd2 Nbd7 8. O-O Nc5 9. exd5 Nxb3 10. axb3 cxd5 11. Re1 Re8 12. Nf1 Qc7 13. Ne3 Bd7 14. c3 a6 15. b4 Qb6 16. d4 e4 17. Nh2 a5 18. bxa5 Rxa5 19. Rxa5 Qxa5 20. Nhg4 Nxg4 21. hxg4 Be6 22. Nf5 Bf8 23. Qb3 b5 24. Bf4 Rd8 25. Qd1 b4 26. Qa1 Qb5 27. Qa7 Rd7 28. Qa8 bxc3 29. bxc3 Qb7 30. Qe8 Bxf5 31. gxf5 Re7 32. Qd8 Qd7 33. Qb8 Re8 34. Qc7 Qxf5 35. Be5 Rc8 36. Qb7 Qe6 37. Re3 h6 38. Rg3 Kh7 39. Qb3 f6 40. Bb8 Qc6 41. Bf4 Bd6 42. Bxd6 Qxd6 43. Qb7 Rc7 44. Qb8 Qc6 45. Qf8 Rd7 46. Qe8 Qc7 47. Qg6+ Kh8 48. Qe8+ Kh7 49. Qg6+ Kh8 50. Qe8+ Kh7 51. Qg6+ 1/2-1/2

[Event "RUS-ch Blitz Women 2018"]
[Site "Sochi"]
[Date "2018.10.07"]
[Round "7"]
[White "Sirotkina, Nina"]
[Black "Sukhareva, Evgeniya"]
[Result "1/2-1/2"]
[ECO "A45"]
[WhiteElo "2188"]
[BlackElo "2125"]
[Annotator "ChessBase"]
[PlyCount "112"]
[EventDate "2018.10.07"]
[EventType "swiss"]
[EventCountry "RUS"]
[SourceTitle "playchess.com"]
[Source "ChessBase"]
[SourceQuality "1"]
[TimeControl "180+2"]

1. d4 Nf6 2. Bf4 d6 3. Nd2 g6 4. e4 Bg7 5. c3 O-O 6. Ngf3 Nfd7 7. Bc4 c6 8. a4 c5 9. dxc5 Nxc5 10. Qe2 Be6 11. O-O Nc6 12. Rfd1 Rc8 13. e5 d5 14. Bd3 Nxd3 15. Qxd3 Qd7 16. Qe2 Rfd8 17. Nb3 b6 18. Nbd4 Bg4 19. h3 Bxf3 20. Nxf3 Qf5 21. Bg3 Na5 22. Nd4 Qg5 23. e6 f5 24. Be5 Bxe5 25. Qxe5 Nc4 26. Qe2 f4 27. Nf3 Qf6 28. Rd4 Rd6 29. Re1 g5 30. Nh2 Rcc6 31. Ng4 Qxe6 32. Qd1 Qd7 33. Ne5 Nxe5 34. Rxe5 h6 35. Qe2 Re6 36. Qg4 Rcd6 37. Qf5 Rxe5 38. Qxe5 e6 39. h4 Qe7 40. hxg5 hxg5 41. g3 fxg3 42. fxg3 Rd7 43. Rg4 Qc5+ 44. Kg2 Rg7 45. Qxe6+ Kf8 46. Qf6+ Rf7 47. Qd8+ Kg7 48. Rxg5+ Kh6 49. Qxd5 Qf2+ 50. Kh3 Qf1+ 51. Kg4 Qe2+ 52. Kh3 Qf1+ 53. Kg4 Qe2+ 54. Kh3 Qf1+ 55. Kg4 Qe2+ 56. Kh4 Qf1 1/2-1/2

[Event "RUS-ch Blitz Women 2018"]
[Site "Sochi"]
[Date "2018.10.07"]
[Round "7"]
[White "Vinokur, Yuliya"]
[Black "Maletina, Tatiana"]
[Result "1-0"]
[ECO "D11"]
[WhiteElo "2170"]
[BlackElo "2270"]
[Annotator "NA"]
[PlyCount "125"]
[EventDate "2018.10.07"]
[EventType "swiss"]
[EventCountry "RUS"]
[SourceTitle "playchess.com"]
[Source "ChessBase"]
[SourceQuality "1"]
[TimeControl "180+2"]

1. d4 d5 2. c4 c6 3. Nf3 Nf6 4. Qc2 g6 5. Bf4 Bg7 6. e3 Bf5 7. Qb3 Qb6 8. Nc3 Nbd7 9. c5 Qxb3 10. axb3 O-O 11. b4 a6 12. h3 h6 13. Be2 Ne4 14. Na4 g5 15. Bh2 Rfe8 16. g4 Bg6 17. O-O f5 18. gxf5 Bxf5 19. Kg2 Kh7 20. Ne5 Nxe5 21. dxe5 a5 22. Nb6 Ra7 23. f3 Nd2 24. Rfd1 Nb3 25. Ra3 a4 26. Nxa4 Rea8 27. Rxb3 Rxa4 28. Bd3 Bxd3 29. Rdxd3 Ra1 30. b5 Rc1 31. bxc6 bxc6 32. Rdc3 Rd1 33. Rc2 Re1 34. Bg3 Rd1 35. Rb7 Bf8 36. Rb6 Raa1 37. Bf2 Bg7 38. f4 d4 39. exd4 gxf4 40. Rxc6 Kg8 41. Rb6 Rac1 42. Rxc1 Rxc1 43. Rb3 Kf7 44. Kf3 h5 45. Kxf4 Rf1 46. Kf3 Ke6 47. Rc3 Bh6 48. Ke2 Rb1 49. Rc2 Kd7 50. Be3 Bg7 51. c6+ Kc7 52. e6 Rh1 53. Bf4+ Kc8 54. d5 Rg1 55. Kd3 Rf1 56. Be3 Rd1+ 57. Ke4 Rf1 58. d6 Bf6 59. d7+ Kc7 60. Bb6+ Kxb6 61. d8=Q+ Kb5 62. Qd3+ Kb6 63. Qxf1 1-0

[Event "RUS-ch Blitz Women 2018"]
[Site "Sochi"]
[Date "2018.10.07"]
[Round "7"]
[White "Ivanova, Karina"]
[Black "Guseva, Marina"]
[Result "0-1"]
[ECO "A06"]
[WhiteElo "2124"]
[BlackElo "2292"]
[Annotator "ChessBase"]
[PlyCount "56"]
[EventDate "2018.10.07"]
[EventType "swiss"]
[EventCountry "RUS"]
[SourceTitle "playchess.com"]
[Source "ChessBase"]
[SourceQuality "1"]
[TimeControl "180+2"]

1. Nf3 d5 2. g3 Bg4 3. Bg2 Nd7 4. O-O c6 5. h3 Bh5 6. d4 e6 7. c4 Ngf6 8. Nc3 Be7 9. Qb3 Qb6 10. Qxb6 axb6 11. Nd2 Bg6 12. e4 dxe4 13. Ndxe4 Nxe4 14. Nxe4 O-O 15. Be3 Nf6 16. Bg5 Bxe4 17. Bxe4 Nxe4 18. Bxe7 Rfe8 19. Bb4 c5 20. dxc5 bxc5 21. Be1 Red8 22. b4 cxb4 23. Bxb4 Rd4 24. Rfc1 b5 25. a4 bxa4 26. Be1 Nc5 27. Ra3 f6 28. Bb4 Nd3 0-1

[Event "RUS-ch Blitz Women 2018"]
[Site "Sochi"]
[Date "2018.10.07"]
[Round "7"]
[White "Kabanova, Ekaterina"]
[Black "Shafigullina, Zarina"]
[Result "1-0"]
[ECO "A20"]
[WhiteElo "2082"]
[BlackElo "2150"]
[Annotator "NA"]
[PlyCount "133"]
[EventDate "2018.10.07"]
[EventType "swiss"]
[EventCountry "RUS"]
[SourceTitle "playchess.com"]
[Source "ChessBase"]
[SourceQuality "1"]
[TimeControl "180+2"]

1. c4 e5 2. e3 d5 3. cxd5 Qxd5 4. Qc2 c6 5. a3 Nf6 6. Nc3 Qd8 7. d3 Be7 8. Nf3 Qd6 9. Be2 O-O 10. O-O Bf5 11. b4 Nbd7 12. Bb2 Rfe8 13. Rfd1 Bd8 14. Ne4 Qc7 15. Rac1 Rc8 16. Ng3 Be6 17. Nd2 Nb6 18. Nc4 Bd5 19. Nd2 Be7 20. Nf5 Bf8 21. Ne4 Nxe4 22. dxe4 Be6 23. Rd2 g6 24. Ng3 Rcd8 25. Rcd1 Bg7 26. h3 h5 27. Nf1 Qe7 28. Nh2 Rxd2 29. Qxd2 Qh4 30. Nf3 Qxe4 31. Ng5 Qd5 32. Nxe6 Qxd2 33. Rxd2 Rxe6 34. Rd8+ Kh7 35. e4 Re7 36. Bc3 Rd7 37. Rb8 Na4 38. Be1 Nb2 39. Kf1 Bf6 40. g3 Kg7 41. f4 exf4 42. gxf4 Bd4 43. Kg2 b6 44. Kf3 c5 45. bxc5 Bxc5 46. Bc3+ Bd4 47. Bb4 Na4 48. e5 Bc5 49. Be1 Nb2 50. Bb5 Rd1 51. Bc3 Bd4 52. Bb4 Bc5 53. Bc3 Bd4 54. Bb4 Bc5 55. Be2 Rc1 56. Bxc5 Rxc5 57. Rb7 Ra5 58. e6 Rxa3+ 59. Kf2 Nd3+ 60. Bxd3 Rxd3 61. Rxf7+ Kg8 62. Rxa7 Rd4 63. Kf3 Kf8 64. Ke3 Rd1 65. Ke4 b5 66. Ke5 b4 67. Kf6 1-0

[Event "RUS-ch Blitz Women 2018"]
[Site "Sochi"]
[Date "2018.10.07"]
[Round "8"]
[White "Charochkina, Daria"]
[Black "Voit, Daria"]
[Result "1-0"]
[ECO "E36"]
[WhiteElo "2344"]
[BlackElo "2352"]
[Annotator "NA"]
[PlyCount "87"]
[EventDate "2018.10.07"]
[EventType "swiss"]
[EventCountry "RUS"]
[SourceTitle "playchess.com"]
[Source "ChessBase"]
[SourceQuality "1"]
[TimeControl "180+2"]

1. d4 Nf6 2. c4 e6 3. Nc3 Bb4 4. Qc2 d5 5. a3 Bxc3+ 6. Qxc3 b6 7. g3 Bb7 8. Bg2 h6 9. Nf3 Nbd7 10. O-O c5 11. dxc5 Nxc5 12. cxd5 Bxd5 13. Bf4 O-O 14. Rfd1 Rc8 15. Qe1 Nb3 16. Rab1 Qe7 17. Nd2 Bxg2 18. Kxg2 Nd4 19. Nf3 Nxf3 20. exf3 Rfd8 21. Rbc1 Qb7 22. Be5 Nd5 23. Qe4 Qe7 24. h4 f6 25. Bd4 Rxc1 26. Rxc1 e5 27. Bc3 Nxc3 28. Rxc3 Qd7 29. Rc6 Qd5 30. Qc2 Qd4 31. Rc7 Rd7 32. Rc8+ Kf7 33. Rc3 Qd5 34. h5 Qe6 35. Rc8 f5 36. Qc3 e4 37. fxe4 Qxe4+ 38. Kh2 Qe6 39. Qc2 Qe5 40. Qc4+ Qe6 41. Qc2 Qe5 42. Qc4+ Qe6 43. Rf8+ Ke7 44. Re8+ 1-0

[Event "RUS-ch Blitz Women 2018"]
[Site "Sochi"]
[Date "2018.10.07"]
[Round "8"]
[White "Dordzhieva, Dinara"]
[Black "Bodnaruk, Anastasia"]
[Result "1-0"]
[ECO "E63"]
[WhiteElo "2340"]
[BlackElo "2423"]
[Annotator "NA"]
[PlyCount "113"]
[EventDate "2018.10.07"]
[EventType "swiss"]
[EventCountry "RUS"]
[SourceTitle "playchess.com"]
[Source "ChessBase"]
[SourceQuality "1"]
[TimeControl "180+2"]

1. Nf3 Nf6 2. c4 g6 3. g3 Bg7 4. Bg2 O-O 5. d4 d6 6. Nc3 Nc6 7. O-O a6 8. d5 Na5 9. Nd2 c5 {[%emt 0:00:02] LiveBook: 839 Games} 10. Qc2 Rb8 11. a4 Bf5 {[%emt 0:00:10] E66: King's Indian: Fianchetto: 6...c5 7 0-0 Nc6 8 d5} (11... e6 12. b3 exd5 13. cxd5 Ng4 14. h3 Nh6 15. Bb2 f5 16. e3 Nf7 17. Ne2 Bxb2 18. Qxb2 Ne5 19. Qc3 {1-0 (53) Korobov,A (2713)-Ding,L (2711) Antalya 2013 CBM 158 [Krasenkow,M]}) 12. e4 Bd7 13. b3 e5 14. Bb2 Ne8 $146 ({Predecessor:} 14... Bh6 15. Ra3 Nh5 16. Ne2 b6 17. Kh1 Qc8 18. Nf3 f5 19. exf5 Bxf5 {1-0 (40) Sabuk,P (2333)-Weichhold,P (2415) Jastrzebia Gora 2015}) 15. f4 f5 16. fxe5 dxe5 17. exf5 gxf5 18. Rae1 Nd6 19. Nd1 $2 Nf7 $2 (19... Qe7 $11) 20. Ne3 Nd6 21. Nd1 $11 (21. Bh3 $18) 21... Nf7 22. Ne3 Nd6 23. Kh1 Rc8 24. Nd1 Nf7 25. Nf3 Qc7 26. Nh4 Nh6 27. Bc3 b5 28. d6 Qb6 29. Bxe5 Bxe5 30. Rxe5 bxc4 31. bxc4 Qxd6 32. Qc3 Nc6 33. Bd5+ Nf7 34. Ree1 Nd4 35. Ne3 Rce8 36. Nexf5 Rxe1 37. Qxe1 Bxf5 38. Nxf5 Nxf5 39. Rxf5 Kg7 40. Qc3+ Kg6 41. Qd3 Kg7 42. Qe3 Nh6 43. Qg5+ Qg6 44. Qe7+ Rf7 45. Rxf7+ Nxf7 46. Qxf7+ Qxf7 47. Bxf7 Kxf7 48. Kg2 Ke6 49. Kf3 Ke5 50. Ke3 h5 51. h3 Kf5 52. a5 Ke5 53. g4 h4 54. Kf3 Kd4 55. g5 Kxc4 56. g6 Kd3 57. g7 {[%emt 0:00:01] Ke4+ Kxe4} 1-0

[Event "RUS-ch Blitz Women 2018"]
[Site "Sochi"]
[Date "2018.10.07"]
[Round "8"]
[White "Protopopova, Anastasiya"]
[Black "Tomilova, Elena"]
[Result "0-1"]
[ECO "D11"]
[WhiteElo "2308"]
[BlackElo "2328"]
[Annotator "NA"]
[PlyCount "89"]
[EventDate "2018.10.07"]
[EventType "swiss"]
[EventCountry "RUS"]
[SourceTitle "playchess.com"]
[Source "ChessBase"]
[SourceQuality "1"]
[TimeControl "180+2"]

1. d4 d5 2. Nf3 Nf6 3. c4 c6 4. e3 e6 5. b3 Nbd7 6. Nbd2 Bd6 7. Bb2 O-O 8. Bd3 b6 9. O-O Bb7 10. Ne5 Rc8 11. f4 c5 12. cxd5 Nxd5 13. Qe2 cxd4 14. exd4 g6 15. Ne4 N7f6 16. Nxd6 Qxd6 17. Bc4 Rc7 18. Rad1 Rfc8 19. Rd2 Qb4 20. a3 Qd6 21. h3 Ne7 22. Kh2 Nf5 23. Rfd1 Ne4 24. Rd3 Nf6 25. R3d2 a5 26. g4 Ne7 27. Rf1 Ned5 28. f5 exf5 29. gxf5 Nh5 30. Qg4 Ndf6 31. Qg5 Bd5 32. Re2 b5 33. Bxd5 Qxd5 34. fxg6 hxg6 35. Rxf6 Nxf6 36. Qxf6 Rc2 37. Qf2 Rxe2 38. Qxe2 Qxb3 39. Qf1 Qxb2+ 40. Kg3 Qb3+ 41. Kg4 Qe6+ 42. Kh4 b4 43. axb4 axb4 44. Qd3 Rc3 45. Qf1 0-1

[Event "RUS-ch Blitz Women 2018"]
[Site "Sochi"]
[Date "2018.10.07"]
[Round "8"]
[White "Guseva, Marina"]
[Black "Ivanova, Karina"]
[Result "1-0"]
[ECO "E21"]
[WhiteElo "2292"]
[BlackElo "2124"]
[Annotator "NA"]
[PlyCount "81"]
[EventDate "2018.10.07"]
[EventType "swiss"]
[EventCountry "RUS"]
[SourceTitle "playchess.com"]
[Source "ChessBase"]
[SourceQuality "1"]
[TimeControl "180+2"]

1. d4 Nf6 2. c4 e6 3. Nc3 Bb4 4. Nf3 c5 5. g3 b6 6. Bg2 Bb7 7. dxc5 Bxc5 8. O-O O-O 9. a3 Be7 10. b3 Ne4 11. Bb2 Na6 12. Nxe4 Bxe4 13. Rc1 d5 14. Ne5 Bxg2 15. Kxg2 Nc7 16. Nc6 Qe8 17. Nxe7+ Qxe7 18. cxd5 Nxd5 19. e4 Nf6 20. Qf3 Rac8 21. b4 b5 22. Rfd1 a6 23. Bxf6 Qxf6 24. Qxf6 gxf6 25. Rxc8 Rxc8 26. Rd6 Ra8 27. Rb6 Kf8 28. h4 h5 29. Kh3 Kg7 30. f3 f5 31. exf5 exf5 32. Kg2 Ra7 33. Kf2 f6 34. Ke3 Kg6 35. Kf4 Ra8 36. Rc6 Ra7 37. Rc5 Rd7 38. Ke3 Rd1 39. Rc6 Rg1 40. Kf4 Rc1 41. Rxc1 1-0

[Event "RUS-ch Blitz Women 2018"]
[Site "Sochi"]
[Date "2018.10.07"]
[Round "8"]
[White "Maletina, Tatiana"]
[Black "Vinokur, Yuliya"]
[Result "1/2-1/2"]
[ECO "A57"]
[WhiteElo "2270"]
[BlackElo "2170"]
[Annotator "NA"]
[PlyCount "69"]
[EventDate "2018.10.07"]
[EventType "swiss"]
[EventCountry "RUS"]
[SourceTitle "playchess.com"]
[Source "ChessBase"]
[SourceQuality "1"]
[TimeControl "180+2"]

1. d4 Nf6 2. c4 c5 3. d5 b5 4. Qc2 bxc4 5. e4 d6 6. Bxc4 g6 7. Nc3 Bg7 8. Nf3 O-O 9. O-O Ba6 10. Nd2 Qc8 11. b3 Bxc4 12. bxc4 Nbd7 13. f4 Qa6 14. a4 Qa5 15. Bb2 Rab8 16. Nb5 a6 17. Bc3 Qb6 18. a5 Qb7 19. Na3 e6 20. Qd3 exd5 21. cxd5 Rfe8 22. Nac4 Qc7 23. e5 dxe5 24. fxe5 Ng4 25. d6 Qc6 26. Ne4 Ngxe5 27. Nxe5 Bxe5 28. Bxe5 Rxe5 29. Rae1 Rbe8 30. Qf3 Rxe4 31. Qxf7+ Kh8 32. Rxe4 Rxe4 33. h3 c4 34. Rb1 Qxd6 35. Rb6 1/2-1/2